Map: Oxide LE

Players

DPGCure (Cure)

  • Race: Terran Terran
  • League: Master
  • Spawn Location: 7:00

ByuN - Winner!

  • Race: Terran Terran
  • League: Diamond
  • Spawn Location: 1:00

Event: TSL 6

VOD

Have the link to the VOD?

Description

Time

  • Played on: Dec. 12, 2020, 6:36 p.m.
  • Length: 14:04

All games in this series

Show
View Real Time Build Order
Export as new Build Order

DPGCure Terran 

Build Orders: Banshee Rush 

Get SALT Encoding   

  12  0:00  SCV  
  13  0:12  SCV  
  14  0:17  Supply Depot  
  14  0:24  SCV  
  14  0:27  Refinery  
  15  0:38  SCV  
  16  0:44  Barracks  
  16  0:50  SCV  
  16  0:53  Refinery  
  17  1:03  SCV  
  18  1:15  SCV  
  19  1:30  Orbital Command  
  19  1:31  Factory  
  19  1:34  Reaper  
  20  1:45  Supply Depot  
  20  1:56  SCV  
  21  2:06  Reaper  
  21  2:08  SCV  
  23  2:14  Hellion  
  25  2:20  SCV  
  26  2:27  Command Center  
  26  2:32  SCV  
  26  2:36  Widow Mine  
  29  2:43  Starport  
  29  2:47  Supply Depot  
  29  2:50  SCV  
  30  2:52  Barracks Tech Lab  
  30  3:00  Factory Tech Lab  
  30  3:02  SCV  
  31  3:14  SCV  
  32  3:20  Cyclone  
  32  3:25  Cloaking Field  
  32  3:26  SCV  
  37  3:27  Refinery  
  37  3:37  Banshee  
  37  3:38  Marine  
  37  3:40  Orbital Command  
  40  3:43  SCV  
  41  3:55  SCV  
  41  3:56  Siege Tank, Marine  
  46  4:05  Supply Depot  
  46  4:06  SCV  
  46  4:08  SCV  
  48  4:16  Marine  
  47  4:20  Banshee  
  47  4:23  SCV x2  
  45  4:35  Barracks Reactor, Siege Tank, SCV x2  
  50  4:47  SCV x2  
  51  4:58  Command Center  
  51  4:59  SCV x2  
  50  5:07  Raven  
  50  5:11  SCV x2  
  50  5:13  Marine x2  
  56  5:19  Supply Depot  
  56  5:22  Siege Tank  
  56  5:23  SCV x2  
  61  5:31  Marine  
  61  5:33  Supply Depot  
  62  5:40  SCV x2, Marine  
  65  5:53  SCV x2  
  65  5:56  Refinery  
  66  5:57  Barracks  
  66  6:01  Barracks  
  68  6:05  Siege Tank, SCV x2  
  68  6:11  Orbital Command  
  69  6:13  Starport Reactor  
  69  6:17  SCV x2  
  71  6:18  Marine  
  71  6:19  Stimpack  
  72  6:28  Engineering Bay  
  72  6:29  Engineering Bay, SCV x2  
  74  6:39  Marine  
  75  6:41  SCV x2, Siege Tank  
  75  6:46  SCV  
  81  6:53  SCV x2  
  84  6:55  Terran Infantry Armor Level 1, Terran Infantry Weapons Level 1  
  84  6:59  Starport Reactor  
  84  7:00  Marine x3  
  84  7:01  Missile Turret  
  86  7:02  Missile Turret  
  86  7:09  Barracks  
  86  7:10  Marine x2  
  86  7:13  Barracks  
  88  7:17  Siege Tank  
  88  7:18  Marine x2  
  88  7:22  Marine  
  89  7:23  Supply Depot  
  93  7:30  Marine x2  
  93  7:33  Missile Turret, Supply Depot  
  93  7:34  Supply Depot  
  93  7:35  Marine  
  93  7:39  SCV x3  
  93  7:44  Medivac x2, Marine x2  
  93  7:48  Marine  
  93  7:49  Supply Depot  
  93  7:51  SCV  
  101  7:54  Marine x2  
  101  7:56  Siege Tank  
  101  7:57  Orbital Command  
  105  8:00  Combat Shield  
  105  8:02  Marine x2  
  105  8:03  SCV x2  
  105  8:04  Barracks Reactor  
  105  8:05  Barracks Reactor  
  109  8:07  Supply Depot  
  109  8:08  Armory  
  109  8:10  Marine  
  109  8:12  Marine x2  
  111  8:20  Marine x2  
  111  8:23  SCV x3  
  116  8:28  Marine  
  116  8:29  Armory  
  116  8:30  Medivac x2  
  121  8:36  Marine x2  
  121  8:38  Marine x2  
  124  8:43  SCV x3  
  124  8:46  Marine  
  124  8:47  Marine x4  
  129  8:53  Supply Depot  
  129  8:54  Supply Depot, Sensor Tower, Marine x2  
  131  8:56  SCV x2  
  131  9:02  Refinery x2  
  133  9:09  Terran Infantry Weapons Level 2  
  133  9:14  Terran Infantry Armor Level 2, Marine x3  
  133  9:15  Siege Tank, SCV  
  140  9:20  Marine x5  
  145  9:25  Terran Vehicle Weapons Level 1, SCV x2  
  145  9:29  Marine  
  145  9:30  Missile Turret  
  148  9:38  Factory  
  146  9:42  Marine x4  
  146  9:45  Barracks Reactor  
  148  9:46  Marine  
  148  9:50  Supply Depot  
  148  9:51  Supply Depot, Marine x3  
  148  9:52  Medivac  
  151  10:05  Command Center, Marine x2  
  151  10:06  Marine x2  
  155  10:10  Marine x2  
  155  10:12  Marine x2  
  159  10:15  Siege Tank  
  159  10:16  Supply Depot  
  159  10:17  Supply Depot  
  162  10:21  Marine x2  
  162  10:23  Marine x2  
  162  10:25  Siege Tank  
  169  10:31  Medivac  
  169  10:32  Medivac  
  172  10:42  Marine x4  
  171  10:43  Marine x2  
  171  10:45  Marine x4  
  177  11:00  Barracks, Marine x4  
  177  11:03  Barracks x2  
  179  11:05  Siege Tank x2  
  185  11:14  Sensor Tower  
  185  11:16  Marine x6  
  191  11:19  Supply Depot  
  191  11:22  Terran Vehicle Weapons Level 2  
  191  11:29  Marine x4  
  195  11:46  Marine x2  
  195  11:47  Marine x4  
  165  11:49  Siege Tank x2  
  165  11:50  Barracks Reactor x2, Planetary Fortress  
  165  11:52  Barracks Reactor, Marine  
  151  11:58  Marine x3  
  154  12:04  Marine  
  155  12:13  Marine x4  
  155  12:14  Marine  
  160  12:22  Siege Tank  
  148  12:23  Marine x4  
  148  12:28  Marine x5  
  156  12:32  Marine x4  
  156  12:34  Marine x2  
  161  12:42  Marine x2  
  161  12:43  Marine x2  
  136  12:52  Marine  
  136  12:56  Command Center  
  137  13:07  Siege Tank x2, Marine x3  
  146  13:15  Marine x4  
  137  13:28  Marine x6  
  142  13:35  Marine x3  
  142  13:40  Marine x3  
  150  13:44  Marine x2  
Show
View Real Time Build Order
Export as new Build Order

ByuN Terran - Winner!

Build Orders:  

Get SALT Encoding   

  12  0:00  SCV  
  13  0:12  SCV  
  14  0:17  Supply Depot  
  14  0:24  SCV  
  15  0:38  SCV  
  15  0:39  Barracks  
  16  0:43  Refinery  
  16  0:50  SCV  
  16  0:52  Refinery  
  17  1:02  SCV  
  18  1:14  SCV  
  19  1:25  Reaper  
  19  1:26  Orbital Command  
  19  1:27  Supply Depot  
  20  1:42  Factory  
  20  1:52  SCV  
  21  1:57  Reaper  
  22  2:04  SCV  
  23  2:16  SCV  
  23  2:22  Command Center  
  24  2:27  Hellion  
  24  2:29  SCV  
  27  2:32  Barracks Reactor  
  27  2:40  Starport  
  27  2:42  SCV  
  28  2:48  Supply Depot  
  28  2:52  Factory Tech Lab  
  28  2:55  SCV  
  29  3:08  SCV  
  29  3:10  Cyclone, Marine  
  29  3:12  Marine  
  29  3:20  Medivac  
  35  3:21  SCV  
  38  3:28  Marine  
  38  3:33  Orbital Command, Marine  
  40  3:35  SCV  
  41  3:42  Siege Tank  
  41  3:47  SCV  
  45  3:50  Starport Tech Lab, Marine  
  45  3:52  Marine  
  47  3:57  Supply Depot  
  47  3:59  SCV  
  47  4:01  SCV  
  49  4:04  Refinery  
  49  4:08  Marine  
  50  4:10  Marine  
  49  4:17  SCV x2  
  51  4:26  Marine  
  51  4:28  Marine  
  51  4:29  SCV  
  51  4:30  SCV  
  53  4:34  Raven  
  55  4:38  Supply Depot  
  55  4:42  Barracks, SCV x2  
  55  4:44  Marine  
  58  4:46  Marine  
  58  4:47  Factory Tech Lab  
  59  4:54  SCV x2  
  57  5:04  Marine x2  
  57  5:06  SCV x2  
  60  5:17  Supply Depot  
  60  5:18  SCV x2  
  60  5:19  Command Center  
  62  5:21  Marine  
  62  5:22  Marine  
  64  5:30  SCV x2  
  64  5:31  Starport Reactor, Stimpack, Marine  
  67  5:42  SCV x2  
  68  5:48  Marine x2  
  66  5:51  Siege Tank  
  66  5:54  SCV x2, Marine  
  71  5:59  Refinery  
  71  6:03  Supply Depot  
  71  6:06  SCV x2, Marine  
  74  6:11  Medivac x2  
  78  6:22  Supply Depot  
  78  6:25  Engineering Bay, SCV x2, Marine x3  
  81  6:27  Engineering Bay  
  81  6:36  Orbital Command  
  81  6:37  SCV  
  81  6:41  SCV  
  81  6:42  Marine x3  
  85  6:48  Siege Tank  
  85  6:53  Medivac x2  
  91  6:55  Terran Infantry Weapons Level 1  
  91  6:56  Orbital Command  
  91  6:57  Terran Infantry Armor Level 1  
  91  7:00  Marine x3  
  94  7:05  SCV x2  
  96  7:09  Barracks  
  96  7:18  SCV x2, Marine x2  
  96  7:19  Barracks, Marine  
  96  7:20  Barracks  
  96  7:22  Siege Tank  
  103  7:27  SCV  
  103  7:29  Supply Depot x2  
  104  7:30  SCV  
  104  7:33  Combat Shield  
  104  7:36  SCV, Marine x2  
  108  7:39  SCV  
  109  7:50  SCV x2, Marine  
  112  7:52  Supply Depot  
  112  7:53  SCV  
  112  7:55  Siege Tank  
  112  7:57  Barracks Reactor  
  116  8:00  Armory  
  116  8:02  SCV x2  
  116  8:05  SCV  
  119  8:06  Marine x2  
  119  8:07  Barracks Reactor  
  119  8:08  Barracks Reactor  
  119  8:12  Sensor Tower  
  121  8:14  SCV x2  
  121  8:17  Supply Depot, SCV  
  121  8:19  Marine  
  122  8:24  Marine x2  
  122  8:26  SCV x2  
  126  8:27  Siege Tank  
  126  8:28  Liberator  
  126  8:29  SCV  
  126  8:33  Liberator, Supply Depot, Refinery  
  136  8:34  Refinery  
  136  8:37  Marine  
  136  8:39  SCV x2  
  136  8:44  Marine x2  
  136  8:46  Marine  
  136  8:47  Marine x5  
  127  8:49  Terran Infantry Weapons Level 2  
  127  8:50  Terran Vehicle Weapons Level 1  
  127  8:55  Marine  
  127  8:59  Terran Infantry Armor Level 2  
  127  9:02  Marine x2  
  129  9:04  Marine  
  129  9:05  Marine x5  
  129  9:09  Supply Depot  
  135  9:12  Siege Tank  
  135  9:13  Marine  
  139  9:17  Medivac  
  139  9:20  Marine x2  
  139  9:22  Marine  
  139  9:23  Marine x5  
  149  9:31  Command Center, Marine  
  149  9:37  Marine  
  149  9:38  Marine  
  150  9:40  Marine x2  
  150  9:41  Marine x4  
  155  9:54  Siege Tank  
  155  9:55  Marine  
  155  9:56  Marine  
  155  9:58  Factory, Marine x3  
  155  9:59  Marine x3  
  162  10:02  Barracks Reactor  
  162  10:08  Viking  
  162  10:10  SCV  
  165  10:16  Supply Depot  
  165  10:17  Supply Depot  
  165  10:18  Supply Depot  
  165  10:23  Viking, SCV x2, Marine x4  
  173  10:32  Marine  
  173  10:33  Marine x2  
  173  10:34  Marine  
  173  10:35  Siege Tank  
  173  10:40  Marine x4  
  173  10:41  Marine x2  
  177  10:45  Missile Turret  
  177  10:50  Marine  
  177  10:51  Marine x3  
  181  10:57  Marine  
  181  10:58  Marine x5  
  181  11:00  Viking x2  
  181  11:01  Planetary Fortress  
  191  11:05  Terran Vehicle Weapons Level 2  
  191  11:07  Sensor Tower  
  191  11:08  Marine x2  
  191  11:11  Marine x2  
  193  11:14  Siege Tank  
  198  11:18  Terran Infantry Armor Level 3  
  196  11:26  Terran Infantry Weapons Level 3  
  196  11:37  Viking x2  
  181  11:48  Marine  
  181  11:50  Siege Tank x2  
  181  11:51  Marine x9  
  191  12:06  Marine  
  192  12:08  Marine  
  192  12:09  Marine x3  
  192  12:10  Marine x5  
  187  12:22  Siege Tank  
  187  12:24  Marine  
  187  12:26  Supply Depot x2, Marine  
  186  12:48  Supply Depot  
  186  12:49  Supply Depot x3  
  186  12:57  Command Center  
  184  13:10  Liberator x2, Marine x7  
  184  13:11  Sensor Tower, Siege Tank  
  200  13:23  Marine x2  
  200  13:44  Barracks  
  200  13:46  Barracks  
  200  13:48  Barracks  
Tags
 
Event
TSL 6
Matchup
TvT
Player
ByuNCure
Race
Terran
Spawn Locations
Cross Positions
Strategy
Banshee Rush
Add a new tag
Caveats
  • Supply blocks, unpowered buildings, or Contaminate may cause inaccurate times.
  • Supply counts are checked every 10 seconds.